AoeStats
← dean03110206

Nomad

506072317Analyzed
4v4 RM · 20d ago on Sep 12, 2026· 28m 47s· 8 players
Game mode
Random Map
Map size
231×231
Population
200
Speed
Normal
Resources
Standard
Victory
Conquest
Starting age
Dark Age
Ending age
Imperial Age
RankedLock teamsTeams togetherTeam positionsShared explorationLock speedFull tech treeHidden civsTurbo modeCheats
Victory
Defeat
🇸🇪 Spanish · Sweden
1093
+14
🇫🇷 Italians · France
1066
+15
🇳🇱 Franks · Netherlands
1050
+16
🇷🇺 Poles · Russia
1035
+17
🇨🇳 Persians · China
1145
-19
🇹🇼 Bulgarians · Taiwan
1058
-16
🇦🇷 Vietnamese · Argentina
1018
-14
🇳🇿 Chinese · New Zealand
988
-13
Serthirius
5:53 Loom
15:48 Feudal Age
19:58 Fletching
20:09 Padded Archer Armor
24:41 Castle Age
23:31 Forging
25:28 Bodkin Arrow
math-hbcn
4:52 Loom
13:18 Feudal Age
20:03 Castle Age
18:13 Fletching
19:02 Stone Mining
20:55 Medium Warships
20:26 Fishing Lines
21:43 Bodkin Arrow
21:49 Gillnets
23:30 Padded Archer Armor
24:41 Double-Bit Axe
28:29 Gold Mining
alterg27
7:46 Loom
13:39 Feudal Age
19:23 Castle Age
17:18 Stone Mining
18:30 Fletching
18:45 Scale Mail Armor
19:59 Wheelbarrow
20:03 Wheelbarrow
21:39 Chain Mail Armor
21:45 Squires
QuitTouchingMe
5:13 Loom
13:54 Feudal Age
21:10 Castle Age
6164817
3:42 Loom
14:07 Feudal Age
19:29 Castle Age
23:25 Fletching
26:30 Wheelbarrow
dean03110206
3:40 Loom
10:43 Loom
17:33 Feudal Age
19:14 Wheelbarrow
20:08 Scale Mail Armor
22:19 Castle Age
BlueKID
7:04 Loom
14:05 Feudal Age
14:29 Double-Bit Axe
18:32 Horse Collar
22:06 Castle Age
22:24 Scale Barding Armor
23:00 Bow Saw
23:28 Heavy Plow
25:37 Chain Barding Armor
26:13 Forging
28:44 Bloodlines
28:35 Husbandry
29:12 Iron Casting
澜庭室
6:21 Loom
15:09 Feudal Age
20:20 Castle Age
21:50 Wheelbarrow
Connection lost

Rejoining the realm…

Still unreachable

The connection could not be restored.

Session expired

The server has moved on; the page needs a fresh start.